[Event "Early-Titled-Tuesday-Blitz-April-23-2024"]
[Site "Chess.com"]
[Date "2024.04.23"]
[Round "5"]
[White "Vse_po_kaify"]
[Black "JJDAREK"]
[Result "0-1"]
[WhiteElo "2561"]
[BlackElo "2356"]
[TimeControl "180+1"]
[EndTime "8:57:24 PDT"]
[Termination "JJDAREK won by checkmate"]

1. e4 d6 2. c4 g6 3. Nc3 Bg7 4. d3 c5 5. g3 Nc6 6. Bg2 e6 7.
Nge2 Nge7 8. O-O O-O 9. f4 Rb8 10. h3 a6 11. g4 f5 12. gxf5 exf5 13. Rb1 b5 14. b3 Nd4 15. Be3 b4 16. Nd5 Nxd5 17.
cxd5 fxe4 18. dxe4 Nxe2+ 19. Qxe2 a5 20. Rfe1 Qc7 21.
Rbc1 Bc3 22. Rf1 Qa7 23. Rf3 Ba6 24. Qf2 Qe7 25. e5 dxe5 26. Bxc5 Qxc5 27. Qxc5 Bd4+ 28. Qxd4 exd4 29. Rd1 d3 30. Bf1 Rbd8 31. Bxd3 Rxd5 32.
Bc2 Rc5 33. Rd2 Rfc8 34. Bd3 Rd5 35. Kf2 Rcd8 36. Ke2 Kg7 37. Re3 Kf6 38. Rf3 Rxd3 39. Rfxd3 Rxd3 40. Rxd3 Kf5 41. Ke3 Bxd3 42. Kxd3 Kxf4 43.
Kc4 g5 44. Kb5 h5 45. Kxa5 g4 46. hxg4 hxg4 47. Kxb4 g3 48. a4 g2 49. Ka5 g1=Q 50.
b4 Ke5 51. b5 Kd6 52. Ka6 Kc7 53. a5 Qf1 54. Ka7 Qxb5 55. a6 Qb6+ 56. Ka8 Qxa6# 0-1

[Event "Early-Titled-Tuesday-Blitz-April-23-2024"]
[Site "Chess.com"]
[Date "2024.04.23"]
[Round "5"]
[White "duone"]
[Black "AljoschaFeuerstack"]
[Result "1-0"]
[WhiteElo "2444"]
[BlackElo "2590"]
[TimeControl "180+1"]
[EndTime "8:57:24 PDT"]
[Termination "duone won by resignation"]

1. e4 c6 2. Nf3 d5 3. Nc3 a6 4.
d4 dxe4 5. Nxe4 Nf6 6. Bd3 Bg4 7. O-O Nxe4 8. Bxe4 e6 9. h3 Bh5 10. Bf4 Nd7 11.
c4 Nf6 12. Re1 Nxe4 13. Rxe4 Be7 14. Be5 O-O 15. Qe2 Qa5 16. Qe3 f5 17. Rf4 g5 18. Nxg5 Bxg5 19. Qg3 Bg4 20. Rf3 h5 21. hxg4 hxg4 22. Rb3 Rf7 23. f3 Qd2 24. fxg4 f4 25.
Qd3 Qxd3 26. Rxd3 Rd8 27. Rad1 Kh7 28. Kf2 Kg6 29. Kf3 b5 30. c5 Rd5 31. Ke4 Rfd7 32. Rh1 Rf7 33. Rh8 f3 34. Rxf3 Rxf3 35. gxf3 Be7 36. Re8 1-0

[Event "Early-Titled-Tuesday-Blitz-April-23-2024"]
[Site "Chess.com"]
[Date "2024.04.23"]
[Round "5"]
[White "Iskusnyh"]
[Black "sokidze"]
[Result "1-0"]
[WhiteElo "2649"]
[BlackElo "2807"]
[TimeControl "180+1"]
[EndTime "8:57:25 PDT"]
[Termination "Iskusnyh won on time"]

1. d4 d5 2. c4 e6 3. Nf3 Nf6 4. g3 Be7 5. Bg2 O-O 6. O-O c6 7. Qc2 b6 8. Rd1 Nbd7 9. b3 Bb7 10. Nc3 Ba6 11. Nd2 Rc8 12. Bb2 c5 13. dxc5 Bxc5 14.
e3 dxc4 15. Nxc4 Qe7 16. a4 Bxc4 17. bxc4 Ne5 18. Nb5 Nc6 19. Bxf6 gxf6 20. Bxc6 Rxc6 21. Qe4 Rfc8 22. Qg4+ Kh8 23. Rac1 f5 24. Qf4 a6 25.
Nd4 R6c7 26. Nf3 Qf6 27. Ne5 Ba3 28. Rb1 Bc5 29. Rd3 h6 30. Rbd1 Bf8 31. Rd7 Be7 32.
Rxc7 Rxc7 33. Nxf7+ Qxf7 34. Qxc7 1-0

[Event "Early-Titled-Tuesday-Blitz-April-23-2024"]
[Site "Chess.com"]
[Date "2024.04.23"]
[Round "5"]
[White "IM_ArthurDW08"]
[Black "noblerone"]
[Result "1-0"]
[WhiteElo "2730"]
[BlackElo "2513"]
[TimeControl "180+1"]
[EndTime "8:57:25 PDT"]
[Termination "IM_ArthurDW08 won by checkmate"]

1. e4 c5 2. Nf3 e6 3. d4 cxd4 4.
Nxd4 Qb6 5. Nb3 Qc7 6. a3 Nf6 7. Nc3 a6 8. g4 d5 9. exd5 Nxd5 10. Nxd5 exd5 11. Be3 Nc6 12. Qxd5 Bxg4 13. Qe4+ Be6 14. Bh3 Qe5 15. Qxe5 Nxe5 16. Bxe6 fxe6 17. O-O-O Be7 18.
Bd4 Bf6 19. Rhe1 Nf3 20. Rxe6+ Kf7 21. Rb6 Nxh2 22. Rxb7+ Kg6 23. Bxf6 gxf6 24. Nd4 f5 25. Rb6+ Kg5 26. Rh1 Ng4 27. f3 Ne3 28. Ne6+ Kf6 29. Nf4+ Ke5 30. Nd3+ Kd5 31. Rhh6 Rad8 32. Rxa6 Nc4 33.
b3 Nd6 34. Kd2 Nf7 35. Rhf6 Rhf8 36. Ra5+ Kd4 37. Raxf5 Ne5 38. c3+ Kd5 39. Rxe5# 1-0

[Event "Early-Titled-Tuesday-Blitz-April-23-2024"]
[Site "Chess.com"]
[Date "2024.04.23"]
[Round "5"]
[White "theoneandonlydaaevik"]
[Black "WCM-Mexicana"]
[Result "1-0"]
[WhiteElo "2580"]
[BlackElo "2368"]
[TimeControl "180+1"]
[EndTime "8:57:25 PDT"]
[Termination "theoneandonlydaaevik won by resignation"]

1. d4 Nf6 2. Nf3 g6 3. Bf4 d5 4. e3 Bg7 5. Nbd2 O-O 6. Bd3 b6 7. h4 Bg4 8. c3 c5 9. Qc2 Nc6 10. Ne5 Nxe5 11. Bxe5 a5 12. f3 Be6 13. g4 c4 14. Be2 b5 15. a3 b4 16. axb4 axb4 17.
Kf2 b3 18. Qb1 Qd7 19. h5 Rfc8 20. Nf1 Qb7 21. Ng3 Rc6 22. Rxa8+ Qxa8 23. g5 Ne8 24. Bxg7 Nxg7 25. hxg6 fxg6 26. Qg1 Qa2 27. Qh2 Qxb2 28.
Qxh7+ Kf7 29. Rh6 Bd7 30. f4 Qc2 31. Kf3 b2 32. Nh5 Qe4+ 33. Kg3 gxh5 34. Bxh5+ Rg6 35. Bxg6+ 1-0

[Event "Early-Titled-Tuesday-Blitz-April-23-2024"]
[Site "Chess.com"]
[Date "2024.04.23"]
[Round "5"]
[White "artin10862"]
[Black "Flawless_Fighter"]
[Result "1-0"]
[WhiteElo "2926"]
[BlackElo "2720"]
[TimeControl "180+1"]
[EndTime "8:57:27 PDT"]
[Termination "artin10862 won by resignation"]

1. Nf3 d5 2. g3 e6 3. Bg2 Nf6 4. O-O Be7 5. d4 O-O 6. c4 c6 7. Nc3 Nbd7 8. Qc2 a5 9. b3 b6 10. e4 Ba6 11. e5 Ne8 12. Rd1 Rc8 13. h4 h6 14. Nh2 Nc7 15. Ng4 h5 16. Ne3 c5 17.
dxc5 Bxc5 18. cxd5 Nxe5 19. dxe6 Bd3 20. exf7+ Rxf7 21.
Qd2 Bb4 22. Bb2 Nb5 23. Rac1 Rd7 24. Qe1 Bg6 25. Rxd7 Qxd7 26. Ned5 Nd3 27. Qd2 Qd6 28. Nxb5 Rxc1+ 29. Qxc1 Nxc1 30. Nxd6 Nd3 31. Ne7+ Kh7 32. Nxg6 Bxd6 33. Bd4 Kxg6 34. Be4+ 1-0

[Event "Early-Titled-Tuesday-Blitz-April-23-2024"]
[Site "Chess.com"]
[Date "2024.04.23"]
[Round "5"]
[White "Payyappat"]
[Black "carokannlover213"]
[Result "0-1"]
[WhiteElo "2527"]
[BlackElo "2795"]
[TimeControl "180+1"]
[EndTime "8:57:27 PDT"]
[Termination "carokannlover213 won by resignation"]

1. e4 c5 2. Nf3 d6 3. d4 cxd4 4.
Nxd4 Nf6 5. Nc3 Nc6 6. h4 e5 7. Nb3 Be6 8. Bg5 Be7 9. g3 O-O 10. Qd2 a5 11. O-O-O a4 12. Na1 a3 13. b3 Nd4 14.
Kb1 Rc8 15. Bxf6 Bxf6 16. Nb5 Bg4 17. Nxd4 Bxd1 18. Nb5 Bf3 19. Rg1 Bxe4 20. g4 Bxh4 21. g5 Bf5 22. Bc4 d5 23. Qxd5 Qxd5 24. Bxd5 Rc5 25. Bc4 Bxf2 26. Rf1 Rd8 27. Nxa3 Rd2 28. Kc1 Be3 29. Rf3 Rxc2+ 30. Kb1 Rf2+ 31. Rxf5 Rxf5 32.
N1c2 Bd4 33. b4 Rxc4 34. Nxc4 Rxg5 35. Nxd4 exd4 36. a4 h5 37. a5 h4 0-1

[Event "Early-Titled-Tuesday-Blitz-April-23-2024"]
[Site "Chess.com"]
[Date "2024.04.23"]
[Round "5"]
[White "NM_Antelacus"]
[Black "Maluco_do_Natal_00"]
[Result "1-0"]
[WhiteElo "2266"]
[BlackElo "2023"]
[TimeControl "180+1"]
[EndTime "8:57:27 PDT"]
[Termination "NM_Antelacus won by resignation"]

1. e4 c5 2. Nc3 Nc6 3. g3 g6 4. Bg2 Bg7 5. d3 d6 6. f4 e6 7. Nf3 Nge7 8. O-O Nd4 9. Be3 Nec6 10.
Qd2 a6 11. h3 f5 12. Rab1 O-O 13.
Ne2 Rb8 14. c3 Nxe2+ 15. Qxe2 Bd7 16. e5 Qc7 17. d4 dxe5 18. dxe5 b6 19. Rfd1 Rbd8 20.
Qxa6 Ra8 21. Qc4 Na5 22. Qe2 Bc6 23. Ng5 Rfe8 24. a3 h6 25. Nf3 Be4 26. Nh4 Bxg2 27. Qxg2 Kh7 28. Nf3 Nc4 29. Qe2 b5 30. Nd2 Nxe3 31.
Qxe3 Red8 32. Nb3 Bf8 33. Qf3 Rac8 34. Rxd8 Rxd8 35. Rd1 c4 36. Rxd8 Qxd8 37. Nd4 Bc5 38. Qe3 Qd5 39. Kh2 g5 40. fxg5 hxg5 41. Qxg5 Qxd4 42.
cxd4 1-0

[Event "Early-Titled-Tuesday-Blitz-April-23-2024"]
[Site "Chess.com"]
[Date "2024.04.23"]
[Round "5"]
[White "Fantastic_Power"]
[Black "GM_dmitrij"]
[Result "1-0"]
[WhiteElo "2751"]
[BlackElo "2992"]
[TimeControl "180+1"]
[EndTime "8:57:28 PDT"]
[Termination "Fantastic_Power won by resignation"]

1. e4 c6 2. d4 d5 3. e5 c5 4. dxc5 e6 5. Bd3 Bxc5 6. Qg4 Ne7 7. b4 h5 8. Qf4 Bb6 9. Nf3 Nf5 10. O-O Nc6 11. Nc3 Nce7 12. Nh4 Bd4 13. Bd2 Qc7 14.
Nxf5 Bxe5 15. Qf3 exf5 16. Rfe1 Be6 17. Nb5 Qb8 18. Rxe5 Qxe5 19. Re1 Qb8 20. Bf4 Qd8 21. Nc7+ Kf8 22. Nxa8 Qxa8 23. Bd6 Qd8 24. Qf4 Kg8 25. Bxe7 Qxe7 26. Bxf5 Rh6 27. h4 Rf6 28. Qb8+ Qf8 29. Bh7+ Kxh7 30. Qxf8 1-0

[Event "Early-Titled-Tuesday-Blitz-April-23-2024"]
[Site "Chess.com"]
[Date "2024.04.23"]
[Round "5"]
[White "BenchGM"]
[Black "Dewarfd"]
[Result "0-1"]
[WhiteElo "2255"]
[BlackElo "2107"]
[TimeControl "180+1"]
[EndTime "8:57:28 PDT"]
[Termination "Dewarfd won on time"]

1. e4 c5 2. Nf3 g6 3. c3 Bg7 4. d4 cxd4 5. cxd4 d5 6. exd5 Qxd5 7.
Nc3 Qa5 8. Bd2 Nf6 9. Bb5+ Bd7 10. Nd5 Qd8 11. Qb3 O-O 12. Nxf6+ Bxf6 13. O-O a6 14. Bc4 Nc6 15. Bh6 Na5 16. Qb4 Re8 17. Bd5 Bc6 18.
Bxc6 Nxc6 19. Qxb7 Nxd4 20. Rad1 Nxf3+ 21. Qxf3 Qa5 22. b3 Qxa2 23. Rd7 Rab8 24. Qc6 a5 25. Rb7 Rec8 26.
Qc7 Ra8 27. Ra7 Qe2 28. Rxa8 Rxa8 29. Qb7 Qa6 30. Qd7 Qa7 31. Qd5 Rb8 32. Rd1 Qa8 0-1

[Event "Early-Titled-Tuesday-Blitz-April-23-2024"]
[Site "Chess.com"]
[Date "2024.04.23"]
[Round "5"]
[White "Matibar"]
[Black "AnishOnYoutube"]
[Result "1/2-1/2"]
[WhiteElo "2848"]
[BlackElo "3067"]
[TimeControl "180+1"]
[EndTime "8:57:29 PDT"]
[Termination "Game drawn by repetition"]

1. e4 e5 2. Nf3 Nc6 3. Bb5 a6 4. Ba4 Nf6 5. Nc3 b5 6. Bb3 Be7 7. a4 b4 8. Nd5 O-O 9. d3 Na5 10. Ba2 b3 11. Nxf6+ Bxf6 12. cxb3 c5 13. b4 cxb4 14. Bd5 Bb7 15. Bxb7 Nxb7 16. O-O Rc8 17. Qb3 Nc5 18. Qd5 Rc6 19. Be3 Qc7 20. Rfc1 Rc8 21.
Rc4 a5 22. h4 h6 23. g4 Ne6 24.
Rac1 Qd8 25. h5 Kh7 26. Kf1 Rxc4 27. Rxc4 Rxc4 28. dxc4 Qc7 29. b3 d6 30. Ke2 Bg5 31. Nxg5+ hxg5 32. f3 Kh6 33. Kd2 Nc5 34. Bxc5 dxc5 35.
Ke3 Kh7 36. Ke2 Kg8 37. Qa8+ Kh7 38. Qd5 Kg8 39. Qa8+ Kh7 40. Qd5 1/2-1/2

[Event "Early-Titled-Tuesday-Blitz-April-23-2024"]
[Site "Chess.com"]
[Date "2024.04.23"]
[Round "5"]
[White "PonyQueen07"]
[Black "Daaksboy"]
[Result "0-1"]
[WhiteElo "2201"]
[BlackElo "2408"]
[TimeControl "180+1"]
[EndTime "8:57:29 PDT"]
[Termination "Daaksboy won by checkmate"]

1. c4 Nf6 2. Nc3 g6 3. g3 Bg7 4. Bg2 O-O 5. e4 d6 6. Nge2 c5 7. O-O Nc6 8. d3 a6 9. h3 Rb8 10. a4 Ne8 11. Be3 Nc7 12. Qd2 b5 13. axb5 axb5 14.
cxb5 Nxb5 15. Bh6 Nbd4 16. Bxg7 Kxg7 17. Nxd4 Nxd4 18. Nd5 e6 19. Ne3 Nb3 20. Qc3+ Qf6 21. Ra7 Nd4 22. Kh2 Rb3 23. Qd2 Rxb2 24. Qxb2 Nf3+ 25. Bxf3 Qxb2 26. Nc4 Qd4 27. Be2 d5 28. exd5 exd5 29. Nd6 Be6 30. Ra2 Rd8 31. Nb5 Qe5 32. f4 Qf5 33. g4 Qf6 34. Ra6 Qb2 35. Rf2 Qxb5 36. d4 Qb4 37. f5 Qxd4 38. Kg2 gxf5 39.
gxf5 Bxf5 40. Rxf5 Qe4+ 41. Rf3 Qxe2+ 42. Kg3 Qe5+ 43.
Kf2 Rb8 44. Rg3+ Kf8 45. Ra2 Rb2+ 46. Rxb2 Qxb2+ 47. Kf3 Qc3+ 48. Kg4 Qxg3+ 49. Kxg3 Ke7 50. Kf3 Ke6 51. Ke3 Ke5 52. Kd3 f5 53. Kc3 f4 54. Kd3 f3 55. Ke3 f2 56. Kxf2 Ke4 57. Ke2 d4 58. Kd2 c4 59. Ke2 d3+ 60. Kd2 Kd4 61. Kd1 c3 62. h4 d2 63. Kc2 Kc4 64.
h5 h6 65. Kd1 Kb3 66. Ke2 Kc2 67. Kf3 d1=Q+ 68. Kf4 Qxh5 69. Ke4 Qg4+ 70. Kd5 Kd2 71. Kc5 h5 72. Kb5 h4 73. Ka5 h3 74. Ka6 h2 75.
Kb6 h1=Q 76. Ka6 Qhh5 77. Kb6 Qgg6+ 78. Ka7 Qhh7+ 79. Kb8 Qgg8# 0-1

[Event "Early-Titled-Tuesday-Blitz-April-23-2024"]
[Site "Chess.com"]
[Date "2024.04.23"]
[Round "5"]
[White "Antipov_Mikhail_Al"]
[Black "wonderfultime"]
[Result "0-1"]
[WhiteElo "2893"]
[BlackElo "3069"]
[TimeControl "180+1"]
[EndTime "8:57:31 PDT"]
[Termination "wonderfultime won by resignation"]

1. e4 e5 2. Nf3 Nc6 3. Nc3 Nf6 4.
Bb5 Nd4 5. Nxe5 Qe7 6. f4 Nxb5 7. Nxb5 d6 8. Nf3 Qxe4+ 9. Kf2 Qc6 10. Re1+ Be7 11.
Qe2 Qd7 12. c4 c6 13. Nbd4 Kf8 14. d3 Bd8 15. b4 c5 16. bxc5 dxc5 17. Nb5 b6 18.
Ne5 Qe7 19. d4 a6 20. Nc3 cxd4 21. Nd5 Qe6 22. Ba3+ Kg8 23. Qf3 Nxd5 24. cxd5 Qf5 25. Rac1 h5 26. d6 Ra7 27. Nc6 Rd7 28. Re8+ Kh7 29. Re5 Qf6 30. Qe4+ g6 31. Rxh5+ Kg7 32.
Rxh8 Kxh8 33. Ne5 Bb7 34. Nf3 Bxe4 0-1

[Event "Early-Titled-Tuesday-Blitz-April-23-2024"]
[Site "Chess.com"]
[Date "2024.04.23"]
[Round "5"]
[White "aanshnerurkar"]
[Black "ChEsper99"]
[Result "0-1"]
[WhiteElo "2370"]
[BlackElo "2247"]
[TimeControl "180+1"]
[EndTime "8:57:32 PDT"]
[Termination "ChEsper99 won on time"]

1. g3 g6 2. Bg2 Bg7 3. c4 d6 4. Nc3 Nf6 5. e3 O-O 6. Nge2 e5 7. O-O c6 8. d4 exd4 9. Nxd4 Re8 10. b3 Bg4 11. Qc2 Qd7 12. Bb2 Bh3 13. Rfd1 h5 14. Bh1 h4 15. Nde2 hxg3 16. hxg3 Na6 17. Nf4 Rad8 18.
Nxh3 Qxh3 19. Bg2 Qh5 20. Ne2 Ng4 21. Bxg7 Kxg7 22. Qc3+ Kg8 23. Nf4 Qh2+ 24. Kf1 Nc5 25. Qd4 Ne4 26. Ke2 Nexf2 27. Rh1 Nxh1 28. Rxh1 Rxe3+ 29.
Qxe3 Qxh1 0-1

[Event "Early-Titled-Tuesday-Blitz-April-23-2024"]
[Site "Chess.com"]
[Date "2024.04.23"]
[Round "5"]
[White "jaskol95"]
[Black "David_George21"]
[Result "0-1"]
[WhiteElo "2547"]
[BlackElo "2341"]
[TimeControl "180+1"]
[EndTime "8:57:33 PDT"]
[Termination "David_George21 won by checkmate"]

1. d4 Nf6 2. c4 e6 3. g3 d5 4.
Bg2 dxc4 5. Nf3 c5 6. O-O Nc6 7. Na3 cxd4 8. Nxc4 Bc5 9. Bg5 O-O 10. Rc1 h6 11. Bf4 Nd5 12. Nce5 Nxf4 13. gxf4 Nxe5 14. Rxc5 Nxf3+ 15. Bxf3 Qd6 16. Qc1 Rb8 17. Kh1 Bd7 18. Rg1 Rfc8 19. b4 b6 20. Rxc8+ Rxc8 21. Qd2 Bc6 22. Bxc6 Qxc6+ 23. f3 Qc3 24. Qd1 Qxb4 25. Qd3 Qc3 26. Qe4 Qe3 27. Qb7 Rc1 28. Rxc1 Qxc1+ 29.
Kg2 Qe3 30. Qxa7 Qxe2+ 31. Kg3 d3 32. f5 exf5 33. Qb8+ Kh7 34. Qc7 d2 35. Qxf7 Qe5+ 36. f4 Qd6 37. Kf2 d1=Q 38. Qxf5+ Qg6 39. Qh3 Qgc2+ 40. Kg3 Qdd3+ 41. Kg4 Qxh3+ 42. Kxh3 Qxa2 43. f5 Qd5 44. Kg4 Qe4+ 45. Kh5 Qxf5+ 46. Kh4 Qg5+ 47. Kh3 Qf5+ 48. Kh4 g5+ 49. Kg3 Qf4+ 50. Kh3 Qf3# 0-1

[Event "Early-Titled-Tuesday-Blitz-April-23-2024"]
[Site "Chess.com"]
[Date "2024.04.23"]
[Round "5"]
[White "Barmen_EV"]
[Black "bintang_top"]
[Result "0-1"]
[WhiteElo "2542"]
[BlackElo "2361"]
[TimeControl "180+1"]
[EndTime "8:57:33 PDT"]
[Termination "bintang_top won by checkmate"]

1. e4 d5 2. exd5 Nf6 3. Nc3 Nxd5 4. Nf3 Nxc3 5. bxc3 g6 6. d4 Bg7 7. h4 c5 8. h5 Nc6 9. Be3 cxd4 10. cxd4 Qa5+ 11. Bd2 Qd5 12. c4 Qe4+ 13. Be2 Nxd4 14. Nxd4 Bxd4 15. O-O O-O 16. Bf3 Qh4 17. Rb1 Rb8 18. Qe2 b6 19. g3 Qxg3+ 20. Bg2 Bh3 21. Qe4 Qxg2+ 22. Qxg2 Bxg2 23. Kxg2 Rbc8 24. Rbc1 Rc6 25.
Rfe1 e5 26. hxg6 hxg6 27. Kf3 f5 28. Rg1 Rfc8 29. Rg2 Kf7 30. Rh1 e4+ 31. Kf4 Rh8 32. Rxh8 Bxh8 33. Rh2 Bg7 34. Rh7 Kg8 35. Rh3 Rxc4 36.
Kg5 Kf7 37. Ra3 a5 38. Rb3 Bf6+ 39. Kf4 Bd4 40. Be1 Rc1 41. Bd2 Rc2 42. Be3 Bxe3+ 43. fxe3 Rc6 44. Rb1 Kf6 45. Rg1 b5 46. a3 Rc3 47.
Rb1 g5+ 48. Kg3 Rxe3+ 49. Kf2 Rxa3 50. Kg2 b4 51. Kh2 f4 52. Rc1 Kf5 53. Kg2 Ra2+ 54. Kg1 f3 55. Rc8 Kg4 56. Rc5 e3 57. Rc4+ Kg3 58.
Rc1 b3 59. Rb1 b2 60. Rd1 Ra1 61. Rf1 Rxf1+ 62. Kxf1 b1=Q# 0-1

[Event "Early-Titled-Tuesday-Blitz-April-23-2024"]
[Site "Chess.com"]
[Date "2024.04.23"]
[Round "5"]
[White "Nimrod_Veinberg"]
[Black "h4parah5"]
[Result "1-0"]
[WhiteElo "2786"]
[BlackElo "3027"]
[TimeControl "180+1"]
[EndTime "8:57:34 PDT"]
[Termination "Nimrod_Veinberg won by resignation"]

1. e4 c5 2. c3 d5 3. exd5 Qxd5 4. d4 g6 5. Nf3 Bg7 6. Nbd2 cxd4 7. Bc4 Qd8 8. Nxd4 Nf6 9. O-O O-O 10. N2f3 Qc7 11. Qe2 Bg4 12. h3 Bxf3 13. Nxf3 Nc6 14. Bg5 e6 15. Rfe1 h6 16. Bxf6 Bxf6 17. Rad1 Rad8 18.
Nd2 Bg7 19. Ne4 Kh7 20. Rxd8 Rxd8 21. Rd1 Be5 22. Rxd8 Qxd8 23. g3 Kg7 24. Qd3 Qe7 25. Bb5 Nb8 26. Kg2 a6 27. Ba4 b5 28. Bd1 Nd7 29. Bf3 Nb6 30. Nd2 Na4 31. Qc2 Qc7 32. h4 h5 33. Ne4 Nb6 34. b3 Kg8 35. Qd3 Kf8 36. Ng5 Ke8 37. a4 bxa4 38. bxa4 Nxa4 39.
Qxa6 Nxc3 40. Qa8+ Qb8 41. Qa3 Bf6 42. Bc6+ Kd8 43.
Nxf7+ Kc7 44. Qd6+ 1-0

[Event "Early-Titled-Tuesday-Blitz-April-23-2024"]
[Site "Chess.com"]
[Date "2024.04.23"]
[Round "5"]
[White "dropstoneDP"]
[Black "Storne89"]
[Result "1/2-1/2"]
[WhiteElo "3017"]
[BlackElo "2748"]
[TimeControl "180+1"]
[EndTime "8:57:34 PDT"]
[Termination "Game drawn - insufficient material"]

1. e4 e5 2. Nf3 Nc6 3. Bb5 g6 4. d4 exd4 5. Bg5 Be7 6. Bxe7 Qxe7 7. O-O Qc5 8. Bxc6 dxc6 9. Qxd4 Qxd4 10. Nxd4 Bd7 11. Nc3 O-O-O 12. Rad1 Ne7 13. Rfe1 Rhe8 14. f3 a5 15. Kf2 c5 16. Ndb5 Be6 17. h4 h5 18. a3 Nc6 19. Nd5 Bxd5 20. exd5 Rxe1 21. Kxe1 Ne7 22. d6 Nf5 23. Nxc7 Rxd6 24. Rxd6 Nxd6 25. Nd5 Nf5 26. Kf2 Nxh4 27. Ne3 g5 28. Nc4 Kc7 29. Nxa5 Nf5 30. Nc4 f6 31. a4 h4 32. c3 Kc6 33. b4 cxb4 34. cxb4 b5 35. Ne3 Nxe3 36. axb5+ Kxb5 37. Kxe3 f5 38. Kd4 Kxb4 39. Ke5 g4 40. fxg4 fxg4 41. Kf4 h3 42. gxh3 gxh3 43. Kg3 h2 44.
Kxh2 1/2-1/2

[Event "Early-Titled-Tuesday-Blitz-April-23-2024"]
[Site "Chess.com"]
[Date "2024.04.23"]
[Round "5"]
[White "Veleamater"]
[Black "KononenkoD"]
[Result "0-1"]
[WhiteElo "2446"]
[BlackElo "2609"]
[TimeControl "180+1"]
[EndTime "8:57:34 PDT"]
[Termination "KononenkoD won by resignation"]

1. g3 c5 2. Bg2 Nc6 3. d3 g6 4. Nc3 Bg7 5. e4 e6 6. f4 Nge7 7. Nf3 d5 8. O-O O-O 9. g4 c4 10. g5 cxd3 11. cxd3 dxe4 12. dxe4 e5 13. Be3 Bg4 14.
Qa4 exf4 15. Bxf4 Qb6+ 16. Kh1 Qxb2 17. Nd5 Qxa1 18. Rxa1 Bxa1 19. Nxe7+ Nxe7 20. Be5 Rac8 21. h3 Bxf3 22. Bxa1 Rc1+ 23. Kh2 Rxa1 24. Bxf3 Rd8 25. Qxa7 Nc6 26. Qxb7 Ne5 27. Bg2 Rxa2 28. Qe7 Nc6 29.
Qf6 Rc2 30. e5 Rdd2 31. Kh1 Rxg2 32. e6 Rh2+ 33. Kg1 Rcg2+ 34. Kf1 Rf2+ 35. Qxf2 Rxf2+ 36. Kxf2 fxe6 37. Ke3 Kf7 38. Ke4 Ne7 39. Kf4 Nf5 40.
Kg4 e5 41. Kf3 Ke6 42. Ke4 Nd6+ 43. Kf3 Kf5 44. Kg3 e4 0-1

[Event "Early-Titled-Tuesday-Blitz-April-23-2024"]
[Site "Chess.com"]
[Date "2024.04.23"]
[Round "5"]
[White "ELPRIMO0O0"]
[Black "FuenfgegenWilly"]
[Result "1-0"]
[WhiteElo "2647"]
[BlackElo "2485"]
[TimeControl "180+1"]
[EndTime "8:57:35 PDT"]
[Termination "ELPRIMO0O0 won by resignation"]

1. e4 e5 2. Nf3 Nc6 3. Nc3 Nf6 4. a3 h6 5. d4 exd4 6. Nxd4 d5 7. Bb5 Bd7 8. exd5 Nxd4 9. Bxd7+ Qxd7 10. Qxd4 Bd6 11. Be3 O-O 12. O-O-O Rfe8 13. h3 b5 14. Bf4 a5 15.
Bxd6 cxd6 16. Rhe1 Reb8 17. Ne4 Nxe4 18. Rxe4 b4 19.
Rde1 bxa3 20. bxa3 Rc8 21. Kd2 Qf5 22. g4 Qf3 23. Qe3 Qg2 24. Qg3 Qxg3 25. fxg3 Rc5 26. c4 Kh7 27. Rb1 Rf8 28. Rb7 Kg8 29. Kd3 f5 30.
Ree7 Rfc8 31. Rxg7+ Kf8 32. Rh7 Kg8 33. Rbg7+ Kf8 34.
gxf5 Rxc4 35. f6 Rc3+ 36. Ke4 R8c4+ 37. Kf5 Rf3+ 38. Ke6 Re4+ 39. Kxd6 Rxf6+ 40. Kc5 Re1 41. Ra7 Rc1+ 42. Kd4 Kg8 43. Rhd7 Rd1+ 44. Ke5 Rf8 45. Rg7+ 1-0

[Event "Early-Titled-Tuesday-Blitz-April-23-2024"]
[Site "Chess.com"]
[Date "2024.04.23"]
[Round "5"]
[White "chess123456s"]
[Black "emeli_chess"]
[Result "0-1"]
[WhiteElo "2602"]
[BlackElo "2475"]
[TimeControl "180+1"]
[EndTime "8:57:35 PDT"]
[Termination "emeli_chess won by resignation"]

1. d4 Nf6 2. Nc3 d5 3. Bf4 c5 4. e4 cxd4 5. Qxd4 Nc6 6. Bb5 Bd7 7. Bxc6 Bxc6 8. e5 Ne4 9. e6 fxe6 10. Nxe4 dxe4 11. Ne2 Qxd4 12. Nxd4 Bd7 13. O-O-O g6 14.
Be5 Bh6+ 15. Kb1 Rf8 16. Bg3 Bf4 17. Rhe1 e5 18. Ne2 Bc6 19. Nc3 Bxg3 20. fxg3 Rf2 21.
Re2 Rxe2 22. Nxe2 Rd8 23. Kc1 Rxd1+ 24. Kxd1 e3 25. Nc3 Bxg2 26. Ke2 Kd7 27. Kxe3 a6 28.
h4 Kd6 29. Ne4+ Bxe4 30. Kxe4 h5 31. c3 Ke6 32. c4 a5 33. b3 Kd6 34. a3 Kc5 35. Kxe5 a4 36. bxa4 Kxc4 37. Ke6 Kb3 38. Kxe7 Kxa4 39. Kf6 b5 40. Ke7 Kxa3 41. Kf6 b4 42.
Kxg6 b3 43. Kxh5 b2 44. g4 b1=Q 45. Kg5 Qh7 46. h5 Kb4 47. h6 Kc5 48. Kh5 Kd6 49. g5 Qf7+ 50. Kg4 Qg6 51. Kf4 Ke6 52. Kg4 Ke5 53. Kh4 Kf4 0-1

[Event "Early-Titled-Tuesday-Blitz-April-23-2024"]
[Site "Chess.com"]
[Date "2024.04.23"]
[Round "5"]
[White "aljado"]
[Black "ljuks68"]
[Result "1-0"]
[WhiteElo "2167"]
[BlackElo "2374"]
[TimeControl "180+1"]
[EndTime "8:57:35 PDT"]
[Termination "aljado won on time"]

1. e4 e6 2. d4 d5 3. e5 c5 4. c3 Nc6 5. Nf3 Qb6 6. Be2 cxd4 7. cxd4 Nh6 8. Bxh6 Qxb2 9. Nbd2 gxh6 10. O-O Qb6 11. Rb1 Qc7 12. Nb3 Bd7 13. Qd2 b6 14. Rfc1 Bg7 15.
a4 O-O 16. a5 f6 17. Bb5 Rac8 18. exf6 Bxf6 19. Qxh6 Qd8 20. Ba6 Rc7 21. Bb5 Ne7 22. Rxc7 Qxc7 23. Bd3 Nf5 24. Qh5 Qc3 25. Ne1 Ba4 26. g4 Bxb3 27. gxf5 Bxd4 28. fxe6 Bxf2+ 29.
Kh1 Qg7 30. Nf3 Ba4 31. Ng5 h6 32. Nf7 Rxf7 33. exf7+ Qxf7 34. Qxf7+ Kxf7 35. Rf1 1-0

[Event "Early-Titled-Tuesday-Blitz-April-23-2024"]
[Site "Chess.com"]
[Date "2024.04.23"]
[Round "5"]
[White "Heinza9"]
[Black "Happy1712Drummer"]
[Result "0-1"]
[WhiteElo "2316"]
[BlackElo "2516"]
[TimeControl "180+1"]
[EndTime "8:57:36 PDT"]
[Termination "Happy1712Drummer won by resignation"]

1. e4 c5 2. Nf3 e6 3. b3 d5 4. exd5 exd5 5. Bb5+ Bd7 6. Bxd7+ Nxd7 7. O-O Ngf6 8. Bb2 Be7 9. d4 O-O 10. Re1 Rc8 11.
Nbd2 Re8 12. Rc1 c4 13. c3 b5 14. b4 a5 15. a3 Nf8 16. Qc2 Ne6 17. g3 Qd6 18.
Qf5 Ra8 19. Ne5 g6 20. Qh3 Kg7 21. f4 axb4 22. axb4 Ra2 23. Rb1 Rea8 24. f5 Nf8 25. g4 h6 26. Qf3 Bd8 27. fxg6 fxg6 28. Rf1 Ne6 29. h4 R8a7 30. Ba1 Rxd2 31. Bb2 Ra2 32.
Rf2 Rxf2 33. Qxf2 Qf8 34. Qf3 Ne4 35. Qxf8+ Kxf8 36. Nxg6+ Kg7 37. Ne5 Nd2 38. Rf1 Nxf1 39. Bc1 Ng3 40. Be3 Bxh4 41. Nf3 Bf6 42. g5 hxg5 43. Nh2 Rxh2 44. Kxh2 Nf1+ 0-1

[Event "Early-Titled-Tuesday-Blitz-April-23-2024"]
[Site "Chess.com"]
[Date "2024.04.23"]
[Round "5"]
[White "praveenb2002"]
[Black "Elegance_Riks"]
[Result "0-1"]
[WhiteElo "2876"]
[BlackElo "2782"]
[TimeControl "180+1"]
[EndTime "8:57:37 PDT"]
[Termination "Elegance_Riks won by resignation"]

1. c4 g6 2. g3 Bg7 3. Bg2 Nf6 4.
Nc3 O-O 5. d4 d6 6. Nf3 Nbd7 7.
O-O e5 8. h3 Re8 9. e4 exd4 10.
Nxd4 Nc5 11. Re1 Bd7 12. Rb1 h6 13. b3 a5 14. Bf4 h5 15. Qd2 a4 16. b4 Ne6 17. Be3 Nxd4 18. Bxd4 Qc8 19. Kh2 Be6 20. Qf4 Ng4+ 21. hxg4 Bxd4 22. Nd5 Bxd5 23. exd5 Qxg4 24. Qxg4 hxg4 25. Kg1 Kg7 26. b5 a3 27. Kf1 Rxe1+ 28.
Rxe1 Ra4 29. Rc1 Rb4 30. Rc2 f5 31. Rd2 Bc5 32. f3 Rxc4 33. fxg4 Rxg4 34. Re2 Bb6 35.
Re7+ Kf6 36. Re6+ Kg5 37. Re8 Rb4 38. Re2 Rb1+ 39. Re1 Rxb5 40. Bf3 Rb2 41. Re2 Bd4 42. Kg2 Be5 43. Kf1 Rxe2 44. Bxe2 Bxg3 45. Bb5 Be5 46.
Be8 Kf6 47. Bd7 g5 48. Bc8 b6 49. Ba6 g4 50. Bd3 Kg5 51. Kf2 f4 52. Be4 Bd4+ 53.
Ke2 Bc5 54. Kd3 f3 55. Kd2 Kf4 56. Kd3 g3 0-1